 Dungeon Crawl Stone Soup version 0.28.0-53-g5a82cb258f (webtiles) character file.

Game seed: 8984630765807730448

144 R0ach20 the Cudgeller (level 5, -1/53 HPs)
             Began as a Troll Berserker on July 12, 2022.
             Was a Believer of Trog.
             Slain by Sigmund
             ... wielding a +0 scythe
              (6 damage)
             ... on level 3 of the Dungeon.
             The game lasted 00:10:21 (1807 turns).

R0ach20 the Cudgeller (Troll Berserker)             Turns: 1807, Time: 00:10:21

Health: -1/53      AC:  4    Str: 27    XL:     5   Next: 5%
Magic:  4/4        EV: 10    Int:  3    God:    Trog [**....]
Gold:   113        SH:  0    Dex:  9    Spells: 4/4 levels left

rFire   . . .      SeeInvis .   a - +0 mace
rCold   . . .      Faith    .   (no shield)
rNeg    . . .      Spirit   .   b - +0 animal skin
rPois   .          Reflect  .   (helmet restricted)
rElec   .          Harm     .   (no cloak)
rCorr   .          Rampage  .   (gloves unavailable)
Will    ++...                   (boots unavailable)
Stlth   +.........              (no amulet)
HPRegen 1.97/turn               (no ring)
MPRegen 0.09/turn               (no ring)

@: strong-willed, on berserk cooldown, regenerating, slowed, very slow
A: large, unfitting armour, claws 3, regeneration 1, shaggy fur 1, tough skin 1
a: Renounce Religion, Berserk, Trog's Hand


You were on level 3 of the Dungeon.
You worshipped Trog.
Trog was pleased with you.
You visited 1 branch of the dungeon, and saw 3 of its levels.

You collected 113 gold pieces.

Inventory:

Hand Weapons
 a - a +0 mace (weapon)
 e - a +0 short sword
Missiles
 c - 5 poisoned darts (quivered)
Armour
 b - a +0 animal skin (worn)
Scrolls
 f - a scroll of enchant armour {unknown}
 g - a scroll of holy word {unknown}
 h - a scroll of teleportation {unknown}
 i - a scroll of amnesia {unknown}
 j - a scroll of identify {unknown}
Potions
 d - a potion of haste {unknown}
 k - 2 potions of flight {unknown}
 l - a potion of cancellation {unknown}


   Skills:
 + Level 3.0 Fighting
 * Level 0.8(2.4) Axes
 + Level 4.0(4.1) Maces & Flails
 + Level 3.3 Dodging


You had 4 spell levels left.
You didn't know any spells.
Your spell library contained the following spells:

 Spells                   Type           Power      Damage    Failure   Level
 Inner Flame              Hex/Fire       0%         N/A       88%         3
 Cause Fear               Hex            0%         N/A       99%         4
 Discord                  Hex            0%         N/A       100%        8


Dungeon Overview and Level Annotations

Branches:
Dungeon (3/15)

Altars:

Shops:
D:2 *

Annotations:
D:3 Sigmund


Innate Abilities, Weirdness & Mutations

You are too large for most types of armour.
You have claws for hands.
Your natural rate of healing is unusually fast.
You are covered in fur. (AC +1)
You have tough skin. (AC +1)


Message History

The orc is severely wounded.
The orc barely misses you. Sigmund barely misses you.
The orc hits you with a +0 hand axe.
You sock the orc!
You kill the orc!
Trog accepts your kill.
Sigmund screams, "Die, monster!"
Sigmund mumbles some strange words.
Sigmund flickers and vanishes!
Deactivating autopickup; reactivate with Ctrl-A.
Something hits you. Something hits you.
Things that are here:
a +0 hand axe; an orc corpse You closely miss something.
Something hits you. The orc wizard casts a spell at you.
The magic dart hits something.
You hit something.
You hear some strange, mumbled words.
You are confused.
You hear some strange, mumbled words.
A magic dart appears from out of thin air!
The magic dart hits you.
You completely miss something. Something hits you but does no damage.
You bump into the rock wall.
Something hits you! The orc wizard casts a spell at you.
The magic dart hits something.
You bump into the rock wall.
Something hits you!
* * * LOW HITPOINT WARNING * * *
You are too confused!
You miss something.
You feel less confused. Something hits you.
* * * LOW HITPOINT WARNING * * *
Your skin crawls.
You feel strong-willed. Something hits you!
* * * LOW HITPOINT WARNING * * *
You barely miss something. Something hits you.
You die...

### ##.......## #####
##.###.........#
....###..............+
##.##......<.........#
#.###...###........#
#.###...# #.#.....##
#.##....# #.##...##
##.##.††####.###'##
.......†.....# #@#
#####.######## #{# #.#
#....o...# #.#
#.##...#..... #.#
..... #### ... ##.....
... ...#..# ...
##....# ####.#


You could see an orc wizard.

Vanquished Creatures
  A hound (D:2)
  An orc wizard (D:3)
  Robin (D:2)
  A worm (D:2)
  A dart slug (D:2)
  An orc (D:3)
  4 bats
  3 endoplasms
  3 giant cockroaches
  10 goblins
  9 hobgoblins
  11 jackals
  3 ball pythons
  10 frilled lizards (D:2)
  4 kobolds
  A rat (D:2)
64 creatures vanquished.

Notes
Turn   | Place    | Note
-------+----------+-------------------------------------------
     0 | D:1      | R0ach20 the Troll Berserker began the quest for the Orb.
     0 | D:1      | Reached XP level 1. HP: 22/22 MP: 0/0
   517 | D:1      | Reached XP level 2. HP: 17/29 MP: 1/1
   569 | D:1      | Found a faded altar of an unknown god.
   576 | D:1      | Reached skill level 3 in Maces & Flails
   866 | D:2      | Noticed Robin
   887 | D:2      | Found Ciavol's Assorted Antiques.
   899 | D:2      | Reached ** piety under Trog
   900 | D:2      | Reached XP level 3. HP: 36/36 MP: 2/2
   916 | D:2      | Killed Robin
  1159 | D:2      | Reached XP level 4. HP: 41/44 MP: 3/3
  1780 | D:3      | Noticed Sigmund
  1787 | D:3      | Reached skill level 4 in Maces & Flails
  1787 | D:3      | Reached XP level 5. HP: 53/53 MP: 4/4
  1806 | D:3      | HP: 2/53 [something (12)]
  1807 | D:3      | Slain by Sigmund

Illustrated notes

Levels and vault maps discovered:
D:1:      psy_arrival_wood_between_worlds, layout_basic,
          chequers_ecumenical_altar_simple_redux
D:2:      minmay_skewed_foursquare, layout_loops_ring, serial_shops,
          nicolae_shop_stone, minmay_lizard_pond, uniq_robin
D:3:      layout_loops_corners, serial_rivers, chequers_serial_rivers_room_b,
          chequers_serial_rivers_marsh, chequers_serial_rivers_micro_a,
          chequers_serial_rivers_large_a, chequers_serial_rivers_small_b,
          chequers_serial_rivers_micro_b, uniq_sigmund

Skill      XL: |  1  2  3  4 |
---------------+-------------+-----
Maces & Flails | 3 4 |  4.0
Dodging        | 3 |  3.3
Fighting       | 3 |  3.0
Axes           | |  0.8

Action                   |  1- 3 |  4- 6 || total
-------------------------+-------+-------++-------
Melee: Mace              |   164 |    61 ||   225
       Punch             |     2 |       ||     2
Invok: Berserk           |     1 |     1 ||     2
       Trog's Hand       |       |     1 ||     1
Armor: Animal skin       |    88 |    22 ||   110
Dodge: Dodged            |   114 |    44 ||   158
